 Dungeon Crawl Stone Soup version 0.16.0 (webtiles) character file.

356 Fiveotanaka the Insei (level 6, 0/32 HPs)
             Began as a Vine Stalker Monk on Mar 22, 2015.
             Succumbed to an adder's poison
             ... on level 4 of the Dungeon.
             The game lasted 00:04:01 (1615 turns).

Fiveotanaka the Insei (Vine Stalker Monk)           Turns: 1615, Time: 00:04:01

Health: 0/32       AC:  5    Str: 14    XL:     6   Next: 63%
Magic:  5/8        EV: 12    Int: 10    God:
Gold:   177        SH:  0    Dex: 18    Spells: 0 memorised, 5 levels left

rFire  . . .     SeeInvis .       - Unarmed
rCold  . . .     Clarity  .     l - +0 ring mail (curse)
rNeg   . . .     SustAb   .     (no shield)
rPois  .         Gourm    .     (no helmet)
rElec  .         Spirit   +     (no cloak)
rCorr  +         Warding  .     (no gloves)
rMut   .         Stasis   .     (no boots)
MR     .....                    y - amulet of resist corrosion
Stlth  ++........               B - ring of teleport control
                                u - ring of wizardry

@: lethally poisoned (0 -> -5), not resistant to hostile enchantments,
unstealthy
A: fangs 2, regeneration 2, magic shield, antimagic bite, no device heal 3, rot
immunity
a: Evoke Teleport Control


You were on level 4 of the Dungeon.
You were not hungry.

You visited 1 branch of the dungeon, and saw 4 of its levels.

You collected 177 gold pieces.

Inventory:

Hand weapons
 v - a +0 blowgun
Missiles
 g - 110 stones (quivered)
 p - 17 poisoned needles
Armour
 a - a +0 robe
 l - a cursed +0 ring mail (worn)
Jewellery
 u - a ring of wizardry (left hand)
 y - an amulet of resist corrosion (around neck)
 B - a ring of teleport control (right hand)
Scrolls
 e - 2 scrolls of enchant armour {unknown}
 i - 3 scrolls of identify {unknown}
 j - a scroll of teleportation {unknown}
 k - a scroll of blinking {unknown}
 m - a scroll of remove curse {unknown}
 q - a scroll of magic mapping {unknown}
 w - a scroll of random uselessness {unknown}
 x - a scroll of enchant weapon {unknown}
Potions
 c - a potion of haste {unknown}
 h - 2 potions of heal wounds {unknown}
 o - a potion of cure mutation {unknown}
 A - a potion of curing {unknown}
Books
 n - a book of the Earth

   Spells                             Type                      Level
   a - Leda's Liquefaction            Hexes/Earth                  4
   b - Bolt of Magma                  Conjuration/Fire/Earth       5
   c - Statue Form                    Transmutation/Earth          6
   d - Iron Shot                      Conjuration/Earth            6
   e - Shatter                        Earth                        9
Comestibles
 b - 3 bread rations
 d - a royal jelly
 f - 8 fruits
 r - a meat ration
 s - a beef jerky
 t - a slice of pizza
 z - 2 chunks of flesh


   Skills:
 - Level 2.6 Fighting
 - Level 2.4 Dodging
 - Level 2.4 Stealth
 + Level 7.7 Unarmed Combat


You had 5 spell levels left.
You didn't know any spells.

Dungeon Overview and Level Annotations

Branches:
Dungeon (4/15)
 Temple: D:4-7

Altars:
Elyvilon
Ru
Vehumet
The Shining One


Innate Abilities, Weirdness & Mutations

You have extremely sharp teeth.
You heal very quickly.
When hurt, damage is shared between your health and your magic reserves.
Your bite disrupts and absorbs the magic of your enemies.
Potions and wands cannot restore your health.
You are immune to rotting.


Message History

* * * LOW HITPOINT WARNING * * *
You are more poisoned.
The adder poisons you! The hobgoblin barely misses you.
The hobgoblin closely misses you. The adder closely misses you.
You barely miss the adder. Your bite misses the adder.
The adder is heavily wounded.
* * * LOW HITPOINT WARNING * * *
You feel sick. The hobgoblin hits you with a club.
* * * LOW HITPOINT WARNING * * *
The adder closely misses you.
You hit the adder! Your punch misses the adder.
The adder is almost dead.
* * * LOW HITPOINT WARNING * * *
You feel sick.
The hobgoblin hits you but does no damage.
The adder bites you but does no damage. The hobgoblin barely misses you.
You closely miss the adder. You bite the adder. You drain its power.
You feel invigorated.
You kill the adder!
You die...

... #.###### .........
#....... ...........
##.##### .$....(...... .
#.## # ................
#..# #
................##..# #
.......r........##..## #
......?gg†.......##...###
........@........+.......
.................##.#.###
###....##........))#+###
#.... #..[............
#.... #...............
#.... #...............
#.... #...............
...( #.........####.. .
#.........# ..


You could see 2 hobgoblins and a rat.

Vanquished Creatures
  Edmund (D:4)
  The ghost of Fiveotanaka the Conjurer, a weakling NaFE (D:3)
  An orc wizard (D:3)
  An iguana (D:4)
  6 adders
  A giant mite (D:2)
  A worm (D:2)
  An ooze (D:2)
  15 orcs (D:3)
  3 bats
  A giant cockroach (D:2)
  8 goblins
  8 hobgoblins
  2 quokkas
  A ball python (D:2)
  3 giant geckos
  A giant newt (D:2)
  8 kobolds
  9 rats
72 creatures vanquished.

Notes
Turn   | Place    | Note
--------------------------------------------------------------
     0 | D:1      | Fiveotanaka, the Vine Stalker Monk, began the quest for the Orb.
     0 | D:1      | Reached XP level 1. HP: 11/11 MP: 1/1
   252 | D:1      | Reached XP level 2. HP: 11/16 MP: 3/3
   437 | D:2      | Found a white marble altar of Elyvilon.
   438 | D:2      | Reached XP level 3. HP: 19/19 MP: 4/4
   452 | D:2      | Reached skill level 5 in Unarmed Combat
   633 | D:2      | Reached XP level 4. HP: 18/23 MP: 3/5
   899 | D:2      | Found a glowing golden altar of the Shining One.
  1043 | D:3      | Found a radiant altar of Vehumet.
  1117 | D:3      | Reached skill level 6 in Unarmed Combat
  1129 | D:3      | Reached XP level 5. HP: 25/27 MP: 7/7
  1167 | D:3      | Found a sacrificial altar of Ru.
  1241 | D:3      | Noticed Fiveotanaka's ghost (weakling NaFE)
  1254 | D:3      | Killed Fiveotanaka's ghost
  1598 | D:4      | Noticed Edmund
  1605 | D:4      | Killed Edmund
  1605 | D:4      | Reached skill level 7 in Unarmed Combat
  1605 | D:4      | Gained mutation: You heal very quickly. [vine stalker growth]
  1605 | D:4      | Reached XP level 6. HP: 27/32 MP: 8/8
  1614 | D:4      | HP: 1/32 [poisoned by an adder]
  1615 | D:4      | Succumbed to an adder's poison

Action                   |  1- 3 |  4- 6 || total
-------------------------+-------+-------++-------
Melee: Unarmed           |    78 |   121 ||   199
 Stab: Sleeping          |     2 |       ||     2
  Eat: Chunk             |       |     2 ||     2
